[Event "Early-Titled-Tuesday-Blitz-September-05-2023"]
[Site "Chess.com"]
[Date "2023.09.05"]
[Round "8"]
[White "Karttunen"]
[Black "Zhigalko_Sergei"]
[Result "0-1"]
[WhiteElo "2584"]
[BlackElo "2874"]
[TimeControl "180+1"]
[EndTime "9:25:19 PDT"]
[Termination "Zhigalko_Sergei won by resignation"]

1. e4 c5 2. Nf3 Nc6 3. Bb5 Nf6 4. Bxc6 dxc6 5. d3 Bg4 6. h3 Bh5 7. Nbd2 Qc7 8. Nc4 Nd7 9. a4 b5 10. Ne3 e6 11. Bd2 Be7 12. Bc3 O-O 13. g4 Bg6 14. b3 f5 15. e5 fxg4 16. hxg4 Rf4 17. Qe2 Raf8 18. Rh3 Nb6 19. Bd2 R4f7 20. Ba5 Qd7 21.
Bxb6 axb6 22. a5 bxa5 23. Rxa5 c4 24. Ra2 cxd3 25. c3 dxe2 0-1

[Event "Early-Titled-Tuesday-Blitz-September-05-2023"]
[Site "Chess.com"]
[Date "2023.09.05"]
[Round "8"]
[White "Thecourseoisildur"]
[Black "Eloist"]
[Result "1-0"]
[WhiteElo "2585"]
[BlackElo "2437"]
[TimeControl "180+1"]
[EndTime "9:25:19 PDT"]
[Termination "Thecourseoisildur won on time"]

1. e4 e6 2. d4 d5 3. e5 c5 4. c3 Qb6 5. Nf3 Bd7 6. a3 Bb5 7. Bxb5+ Qxb5 8. b4 cxd4 9. cxd4 Nd7 10. Nc3 Qc6 11. Bb2 Nb6 12. Nd2 Nc4 13. Nxc4 Qxc4 14.
Qa4+ Qc6 15. Qxc6+ bxc6 16. Kd2 Ne7 17. Na4 Nc8 18.
Nc5 Nb6 19. Bc3 Nc4+ 20. Kd3 Be7 21. f4 g6 22. g4 h5 23. h3 a5 24. f5 Bxc5 25.
bxc5 gxf5 26. gxf5 Rg8 27. Rhg1 Ke7 28. f6+ Kd7 29.
Rg7 Rxg7 30. fxg7 Rg8 31. Rg1 Nxa3 32. Bxa5 Nc4 33. Be1 f5 34. exf6 Ke8 35. Bg3 Kf7 36.
Be5 Ra8 37. Rb1 Ra3+ 38. Ke2 Ra2+ 39. Ke1 Ra8 40. Rb7+ Kg6 41. f7 1-0

[Event "Early-Titled-Tuesday-Blitz-September-05-2023"]
[Site "Chess.com"]
[Date "2023.09.05"]
[Round "8"]
[White "Jahonas"]
[Black "Aanna12"]
[Result "1-0"]
[WhiteElo "2399"]
[BlackElo "2040"]
[TimeControl "180+1"]
[EndTime "9:25:19 PDT"]
[Termination "Jahonas won by resignation"]

1. d4 Nf6 2. Nf3 d6 3. c4 Nbd7 4. Nc3 e5 5. dxe5 dxe5 6. Bg5 Be7 7. e3 O-O 8. Be2 c6 9. O-O h6 10. Bh4 Qc7 11. Bg3 Re8 12. Qc2 Nh5 13. Rfd1 Nxg3 14.
hxg3 Nf6 15. a3 a5 16. Na4 Bf8 17. c5 g6 18. e4 Bg4 19. Nb6 Rad8 20. b4 axb4 21.
axb4 Nd7 22. Nc4 Bxf3 23. gxf3 b5 24. Nd6 Bxd6 25. cxd6 Qb6 26. Rac1 Rc8 27. f4 c5 28. Bg4 cxb4 29. Qxc8 Rxc8 30. Rxc8+ Kg7 31. Bxd7 b3 32. Bxb5 exf4 33. gxf4 Qxb5 34. d7 Qe2 35. d8=Q Qg4+ 36. Kf1 Qh3+ 37. Ke2 Qg4+ 38. Ke3 1-0

[Event "Early-Titled-Tuesday-Blitz-September-05-2023"]
[Site "Chess.com"]
[Date "2023.09.05"]
[Round "8"]
[White "GasconJR"]
[Black "frederiksvane"]
[Result "0-1"]
[WhiteElo "2716"]
[BlackElo "2928"]
[TimeControl "180+1"]
[EndTime "9:25:25 PDT"]
[Termination "frederiksvane won on time"]

1. Nf3 d5 2. g3 Bg4 3. Bg2 e6 4. c4 c6 5. d4 Nf6 6. h3 Bh5 7. Qb3 Qb6 8. Nc3 Nbd7 9. Na4 Qa6 10. cxd5 exd5 11. O-O Be7 12. Bg5 O-O 13. Rfe1 Rfe8 14.
Bxf6 Nxf6 15. e3 Bd6 16. Nd2 Qa5 17. Qc2 Bg6 18. Qd1 Bb4 19. Nc5 Bxd2 20. Nb3 Bxe1 21. Nxa5 Bxa5 22. b4 Bc7 23. b5 cxb5 24. Qb3 a6 25. a4 bxa4 26. Qxb7 Bd6 27. Rxa4 a5 28. Bxd5 Nxd5 29. Qxd5 Bb4 30. f3 Rad8 31. Qb3 Rc8 32.
Rxb4 axb4 33. e4 Rb8 34. d5 f6 0-1

[Event "Early-Titled-Tuesday-Blitz-September-05-2023"]
[Site "Chess.com"]
[Date "2023.09.05"]
[Round "8"]
[White "MartinMatthiesen"]
[Black "CFalcons8"]
[Result "1-0"]
[WhiteElo "2471"]
[BlackElo "2285"]
[TimeControl "180+1"]
[EndTime "9:25:26 PDT"]
[Termination "MartinMatthiesen won by resignation"]

1. d4 Nf6 2. c4 e6 3. Nf3 d5 4. Nc3 Bb4 5. cxd5 exd5 6. Bg5 O-O 7. e3 Bf5 8. Be2 c6 9. Qb3 Qa5 10. Bxf6 gxf6 11. O-O Nd7 12. Nh4 Bg6 13. Bg4 Nb6 14. Nf5 Nc4 15. Rfc1 Rfe8 16. a3 Bf8 17. Qc2 b5 18.
Ne2 Qb6 19. Nf4 b4 20. axb4 Bxb4 21. h4 Nd6 22. Nxg6 fxg6 23. Nxd6 Bxd6 24. Qxc6 Qxc6 25. Rxc6 Bb4 26. Be6+ Kg7 27. Bxd5 a5 28. Rc7+ Kh6 29. Bxa8 1-0

[Event "Early-Titled-Tuesday-Blitz-September-05-2023"]
[Site "Chess.com"]
[Date "2023.09.05"]
[Round "8"]
[White "assezde36"]
[Black "GOGIEFF"]
[Result "0-1"]
[WhiteElo "2801"]
[BlackElo "3015"]
[TimeControl "180+1"]
[EndTime "9:25:28 PDT"]
[Termination "GOGIEFF won by resignation"]

1. d4 Nf6 2. Nf3 d5 3. e3 a6 4. Be2 Bf5 5. O-O e6 6. Nh4 Be4 7. f3 Bg6 8. c4 c5 9. cxd5 exd5 10. Nc3 Nc6 11. g4 Nxg4 12. Nxg6 hxg6 13. fxg4 Qh4 14. Rf2 Bd6 15. Kf1 Bxh2 16. Bf3 Bg3 17. Rc2 Rd8 18. b3 Qf6 19. Kg1 cxd4 20. Nxd5 Qe5 21. Be4 Qxe4 0-1

[Event "Early-Titled-Tuesday-Blitz-September-05-2023"]
[Site "Chess.com"]
[Date "2023.09.05"]
[Round "8"]
[White "Vsevolod_Ovchinnikov"]
[Black "CristianS27"]
[Result "0-1"]
[WhiteElo "2594"]
[BlackElo "2522"]
[TimeControl "180+1"]
[EndTime "9:25:28 PDT"]
[Termination "CristianS27 won on time"]

1. d4 Nf6 2. c4 g6 3. Nc3 Bg7 4. e4 d6 5. Nf3 O-O 6. h3 c5 7. d5 e6 8. Bd3 exd5 9. cxd5 b5 10. Nxb5 Nxe4 11. O-O a6 12. Nc3 Nxc3 13. bxc3 Bxc3 14. Rb1 Nd7 15. Bf4 Ne5 16. Nxe5 Bxe5 17. Bxe5 dxe5 18. Bc4 Qd6 19. Re1 Bd7 20. Rb7 Bb5 21. Bxb5 axb5 22.
Rxb5 Rxa2 23. Qc1 Rc8 24. Qc3 Qxd5 0-1

[Event "Early-Titled-Tuesday-Blitz-September-05-2023"]
[Site "Chess.com"]
[Date "2023.09.05"]
[Round "8"]
[White "twofoxniel"]
[Black "Just_Lucky_1"]
[Result "1-0"]
[WhiteElo "2666"]
[BlackElo "2520"]
[TimeControl "180+1"]
[EndTime "9:25:29 PDT"]
[Termination "twofoxniel won by checkmate"]

1. e4 c5 2. d4 cxd4 3. c3 dxc3 4. Nxc3 d6 5. Nf3 a6 6. Bc4 Nc6 7. O-O Nf6 8. h3 e6 9. Qe2 Be7 10. Rd1 Qc7 11. Bf4 O-O 12. Rd2 Ne5 13. Bb3 b5 14. Rad1 Bb7 15. a3 Rac8 16. Ng5 Nc4 17. Bxc4 Qxc4 18.
Qxc4 Rxc4 19. Bxd6 Bxd6 20. Rxd6 h6 21. Rb6 Bc8 22. Nf3 Nxe4 23. Nxe4 Rxe4 24. Rc1 e5 25. Rc5 f6 26. Rc7 Re2 27. b4 Ra2 28. Nh4 Rd8 29.
Rb8 Rxa3 30. Rbxc8 Rxc8 31. Rxc8+ Kh7 32. Rc7 Ra4 33.
Ra7 Rxb4 34. Nf5 Rb1+ 35. Kh2 Kg6 36. g4 Kg5 37. Kg3 Rg1+ 38. Kf3 e4+ 39. Kxe4 g6 40. f4# 1-0

[Event "Early-Titled-Tuesday-Blitz-September-05-2023"]
[Site "Chess.com"]
[Date "2023.09.05"]
[Round "8"]
[White "Sjakkerntobi"]
[Black "SilverCityIndigo"]
[Result "1-0"]
[WhiteElo "2487"]
[BlackElo "2319"]
[TimeControl "180+1"]
[EndTime "9:25:29 PDT"]
[Termination "Sjakkerntobi won by resignation"]

1. f4 d5 2. Nf3 h5 3. d3 Nh6 4. e4 dxe4 5. dxe4 Qxd1+ 6. Kxd1 Bg4 7.
Be2 Nc6 8. c3 O-O-O+ 9. Kc2 e5 10. h3 Bxf3 11. Bxf3 h4 12. f5 f6 13. Be3 Nf7 14.
Nd2 b6 15. a4 a5 16. Nc4 Nd6 17. Nxd6+ Bxd6 18. Be2 Bc5 19. Bxc5 bxc5 20. Ba6+ Kb8 21. Bc4 Rh5 22. Bd5 Ne7 23. Bc4 Rg5 24. Rhg1 g6 25. fxg6 Nxg6 26. Ra3 Nf4 27. Rb3+ Ka7 28. Rb5 Nxg2 29.
Rxa5+ Kb6 30. Rb5+ Kc6 31. Kb3 Nf4 32. Ra1 Rg2 33.
a5 Rdd2 34. Ra2 Ne2 35. Bxe2 Rgxe2 36. Rb8 Rxe4 37. a6 c4+ 38. Kb4 Ree2 39. Ka3 Rd5 40. Kb4 Rdd2 41. a7 Rxb2+ 42. Rxb2 Rxb2+ 43. Kxc4 Ra2 44. a8=Q+ Rxa8 45. Rxa8 f5 46. Rf8 f4 47. Rf5 Kd6 48. Kd3 Ke6 49. Ke4 c5 50. Rxe5+ 1-0

[Event "Early-Titled-Tuesday-Blitz-September-05-2023"]
[Site "Chess.com"]
[Date "2023.09.05"]
[Round "8"]
[White "NovoselovRoman"]
[Black "Chessdude1987"]
[Result "1-0"]
[WhiteElo "2570"]
[BlackElo "2427"]
[TimeControl "180+1"]
[EndTime "9:25:31 PDT"]
[Termination "NovoselovRoman won on time"]

1. e4 e6 2. d4 d5 3. Nc3 Nf6 4. exd5 exd5 5. Bd3 c5 6. dxc5 Bxc5 7. Nf3 h6 8. O-O O-O 9. Bf4 Bg4 10. h3 Bh5 11. g4 Bg6 12. Bxg6 fxg6 13. Ne5 g5 14. Bg3 Nc6 15.
Qd3 Re8 16. Rfe1 Nxe5 17. Bxe5 Ne4 18. Nxe4 dxe4 19. Qxe4 Qb6 20. Re2 Rad8 21. Qc4+ Re6 22. Bc3 Re8 23. Rae1 Kf7 24. Rxe6 Bxf2+ 25. Kg2 Rxe6 26.
Rxe6 Qxe6 27. Qxe6+ Kxe6 28. Kxf2 1-0

[Event "Early-Titled-Tuesday-Blitz-September-05-2023"]
[Site "Chess.com"]
[Date "2023.09.05"]
[Round "8"]
[White "kasun_bole"]
[Black "DeArron_Fox"]
[Result "1-0"]
[WhiteElo "2411"]
[BlackElo "2502"]
[TimeControl "180+1"]
[EndTime "9:25:32 PDT"]
[Termination "kasun_bole won on time"]

1. d4 d5 2. c4 e6 3. Nc3 Nf6 4. Bg5 Be7 5. cxd5 exd5 6. e3 c6 7. Bd3 Nbd7 8. Nge2 Nh5 9. Bxe7 Qxe7 10. Qc2 Nb6 11.
Ng3 Nxg3 12. hxg3 g6 13. O-O-O Be6 14. Kb1 O-O-O 15. Na4 Nxa4 16. Qxa4 Kb8 17. Rc1 h5 18. Rc3 h4 19. gxh4 Rxh4 20. Rhc1 Bc8 21. Ra3 a6 22. Rb3 Ka8 23. Qa5 Rd6 24. Qb6 Bf5 25. Bxf5 gxf5 26. a3 Rh2 27. Rc5 Rh8 28. Ra5 Qd7 29. Ka2 Rb8 30. Rxa6+ 1-0

[Event "Early-Titled-Tuesday-Blitz-September-05-2023"]
[Site "Chess.com"]
[Date "2023.09.05"]
[Round "8"]
[White "DarZay"]
[Black "secretsuperstar7"]
[Result "0-1"]
[WhiteElo "2267"]
[BlackElo "2389"]
[TimeControl "180+1"]
[EndTime "9:25:32 PDT"]
[Termination "secretsuperstar7 won by resignation"]

1. e4 c5 2. Nf3 a6 3. d4 cxd4 4.
Nxd4 b5 5. Nc3 Bb7 6. Be3 Nc6 7. Be2 g6 8. O-O Bg7 9. f4 d6 10. Kh1 Nf6 11. a3 O-O 12. Bf3 Rc8 13. Qe1 Na5 14. Qh4 Nc4 15. Bc1 Nxe4 16. Ndxb5 axb5 17. Nxe4 Bxe4 18. Bxe4 Rc5 19. Rb1 e5 20. Qxd8 Rxd8 21. b3 d5 22.
bxc4 dxe4 23. cxb5 Rxc2 24. b6 Rb8 25. Be3 Rb7 26.
a4 Ra2 27. Rb4 exf4 28. Bxf4 Bf8 29. Rxe4 Rxb6 30. h3 Bd6 31. Be3 Ra6 32. Bd4 Ra8 33. Rfe1 f5 34. Re6 Bg3 35. Rb1 R2xa4 36. Re7 Rxd4 0-1

[Event "Early-Titled-Tuesday-Blitz-September-05-2023"]
[Site "Chess.com"]
[Date "2023.09.05"]
[Round "8"]
[White "isaak2009"]
[Black "Tsyhanchuk_Stanislav"]
[Result "0-1"]
[WhiteElo "2528"]
[BlackElo "2426"]
[TimeControl "180+1"]
[EndTime "9:25:33 PDT"]
[Termination "Tsyhanchuk_Stanislav won by resignation"]

1. Nf3 Nf6 2. g3 d5 3. Bg2 c5 4. O-O Nc6 5. d3 e6 6. Nbd2 Be7 7.
e4 O-O 8. Re1 b5 9. e5 Nd7 10.
Qe2 Bb7 11. h4 Qc7 12. Nf1 Rfb8 13. h5 h6 14. Bf4 Qd8 15. g4 Nf8 16. Kh2 Nh7 17. Qd2 a5 18. Bh3 a4 19. a3 d4 20. Ng3 Ng5 21. Bxg5 Bxg5 22. Nxg5 Qxg5 23. f4 Qd8 24. g5 hxg5 25. fxg5 c4 26. Re2 c3 27. bxc3 dxc3 28. Qf4 Nd4 29. Rf2 Nf3+ 30. Rxf3 Bxf3 31. Qxf3 Qxg5 32. d4 Qd2+ 33. Bg2 Qxc2 34.
Rf1 Ra7 35. h6 Qh7 36. Rh1 Qxh6+ 37. Kg1 c2 38. Kf2 c1=Q 0-1

[Event "Early-Titled-Tuesday-Blitz-September-05-2023"]
[Site "Chess.com"]
[Date "2023.09.05"]
[Round "8"]
[White "FGHSMN"]
[Black "hurricane7791"]
[Result "0-1"]
[WhiteElo "2906"]
[BlackElo "2714"]
[TimeControl "180+1"]
[EndTime "9:25:37 PDT"]
[Termination "hurricane7791 won by checkmate"]

1. e4 c5 2. Nf3 d6 3. d4 cxd4 4. Nxd4 Nf6 5. Nc3 a6 6. h3 e5 7. Nf3 Nbd7 8. g4 h6 9. Be3 b5 10. a3 Bb7 11. Nd2 Rc8 12. Bg2 Nc5 13. Qe2 Ne6 14. O-O Be7 15. Rac1 O-O 16. Nd5 Nxd5 17. exd5 Nf4 18. Bxf4 exf4 19. c4 bxc4 20. Rxc4 Bf6 21.
Rxc8 Qxc8 22. Nc4 Qc7 23. b4 Bc8 24. Qd3 Bd7 25. Rc1 Bb5 26. Bf1 Rc8 27. Qb3 Qd7 28. Nb6 Rxc1 29. Nxd7 Bd4 30. Kg2 Bxf1+ 31. Kh2 Rc3 32.
Qd1 Rxh3+ 33. Kg1 Bd3 34. Qe1 Kh7 35. Nf8+ Kg8 36. Qe8 Rg3+ 37. Kh2 Bxf2 38. Nd7+ Kh7 39. Qxf7 Bg1+ 40. Kh1 Be4# 0-1

[Event "Early-Titled-Tuesday-Blitz-September-05-2023"]
[Site "Chess.com"]
[Date "2023.09.05"]
[Round "8"]
[White "vladislavkovalev"]
[Black "FairChess_on_YouTube"]
[Result "0-1"]
[WhiteElo "2913"]
[BlackElo "3056"]
[TimeControl "180+1"]
[EndTime "9:25:38 PDT"]
[Termination "FairChess_on_YouTube won by resignation"]

1. e4 e5 2. Nf3 Nc6 3. Bb5 a6 4. Ba4 d6 5. Kf1 f5 6. d3 Nf6 7.
Nc3 Be7 8. a3 O-O 9. Bb3+ Kh8 10. Ng5 Qe8 11. h4 Nd4 12. Ba2 f4 13. Ne2 Nxe2 14.
Qxe2 Bg4 15. f3 Nh5 16. fxg4 Ng3+ 17. Ke1 Qg6 18. Qf3 Nxh1 19. Bd2 Bxg5 20. hxg5 Qxg5 21. Ke2 Qh4 22. Rg1 Rf6 23. Be1 Qh2 24. g5 Rg6 25.
Rf1 Rxg5 26. Kd1 Rxg2 27. Bb3 Ng3 28. Rf2 Rxf2 29. Bxf2 Qh5 0-1

[Event "Early-Titled-Tuesday-Blitz-September-05-2023"]
[Site "Chess.com"]
[Date "2023.09.05"]
[Round "8"]
[White "Andrej2004"]
[Black "amylazy"]
[Result "1-0"]
[WhiteElo "2566"]
[BlackElo "2453"]
[TimeControl "180+1"]
[EndTime "9:25:39 PDT"]
[Termination "Andrej2004 won by resignation"]

1. Nf3 Nf6 2. c4 g6 3. b3 Bg7 4.
Bb2 O-O 5. g3 d6 6. Bg2 e5 7. d3 c5 8. O-O Nc6 9. Nc3 Nd4 10. Nd2 Bg4 11. h3 Be6 12. a3 Rb8 13.
e3 Nf5 14. b4 a6 15. Nde4 b5 16. cxb5 axb5 17. bxc5 Nxe4 18. dxe4 Ne7 19. Qxd6 Qxd6 20.
cxd6 Nc8 21. Rfd1 Rd8 22. Bf1 Nxd6 23. Nxb5 Nxb5 24. Rxd8+ Rxd8 25. Bxb5 Bxh3 26. a4 Rb8 27. Ba3 Bg4 28. Bd6 Rd8 29. Bc7 Rc8 30. Bb6 Bf3 31.
Bd3 f5 32. a5 Bxe4 33. Bxe4 fxe4 34. a6 Bf8 35. a7 Ra8 36. Rd1 Be7 37. Rd7 Kf8 38.
Rb7 Bd6 39. Bc5 Bxc5 40. Rb8+ 1-0

[Event "Early-Titled-Tuesday-Blitz-September-05-2023"]
[Site "Chess.com"]
[Date "2023.09.05"]
[Round "8"]
[White "ShahMatKanal"]
[Black "TrenerChos"]
[Result "1-0"]
[WhiteElo "2464"]
[BlackElo "2606"]
[TimeControl "180+1"]
[EndTime "9:25:40 PDT"]
[Termination "ShahMatKanal won by checkmate"]

1. e4 c5 2. d4 cxd4 3. c3 d3 4. Bxd3 Nc6 5. Nf3 g6 6. O-O Bg7 7. c4 Nf6 8. Nc3 O-O 9. h3 d6 10. Be3 h6 11. Qd2 Kh7 12. Rac1 Be6 13. b3 Rc8 14.
Rfd1 Qa5 15. Nd5 Qxd2 16. Nxf6+ Bxf6 17. Rxd2 Nb4 18. Bd4 Rfd8 19. Bxf6 exf6 20. Rcd1 a5 21. Nd4 a4 22. Nb5 Rc6 23. Be2 axb3 24. axb3 Ra8 25.
Nxd6 b6 26. f4 Kg7 27. f5 Bc8 28. e5 Ra3 29. Ne8+ Kf8 30. Nxf6 Kg7 31. Rd8 h5 32.
h4 Bxf5 33. Rg8+ Kh6 34. Rh8+ Kg7 35. Rh7+ Kf8 36. Rd8+ Ke7 37. Re8# 1-0

[Event "Early-Titled-Tuesday-Blitz-September-05-2023"]
[Site "Chess.com"]
[Date "2023.09.05"]
[Round "8"]
[White "GoltsevDmitry2000"]
[Black "Murad_Ibrahimli"]
[Result "0-1"]
[WhiteElo "2662"]
[BlackElo "2856"]
[TimeControl "180+1"]
[EndTime "9:25:41 PDT"]
[Termination "Murad_Ibrahimli won by resignation"]

1. e4 e6 2. d4 d5 3. exd5 exd5 4. Nf3 Bd6 5. c4 c6 6. Nc3 Nf6 7. Bd3 O-O 8. O-O dxc4 9. Bxc4 Bg4 10. Bg5 Nbd7 11.
Qd3 Qc7 12. h3 Bh5 13. Nh4 Bh2+ 14. Kh1 Bf4 15. Qf5 Bxg5 16. Qxg5 Kh8 17. Nf5 Bg6 18.
Rae1 Qa5 19. g4 b5 20. Bb3 b4 21. Ne4 Nxe4 22. Rxe4 c5 23. Re7 cxd4 24. Rxd7 Qb5 25.
Re1 Qxd7 26. Re7 Qc6+ 27. Kh2 Bxf5 28. gxf5 Qd6+ 29. Kg1 d3 30. Re3 d2 31. Qh5 Rae8 32. Qxf7 0-1

[Event "Early-Titled-Tuesday-Blitz-September-05-2023"]
[Site "Chess.com"]
[Date "2023.09.05"]
[Round "8"]
[White "CixPer1968"]
[Black "korbul"]
[Result "0-1"]
[WhiteElo "2187"]
[BlackElo "2591"]
[TimeControl "180+1"]
[EndTime "9:25:41 PDT"]
[Termination "korbul won by resignation"]

1. d4 Nf6 2. c4 e6 3. Nf3 b6 4. g3 Ba6 5. b3 Bb7 6. Bg2 Bb4+ 7. Bd2 a5 8. O-O O-O 9. Nc3 d6 10. Qc2 Nbd7 11. Rfe1 Bxc3 12. Bxc3 Be4 13. Qb2 Qb8 14. Nd2 Bxg2 15. Kxg2 d5 16. e4 c6 17.
e5 Ne8 18. f4 b5 19. cxd5 cxd5 20. Nf3 b4 21. Bd2 Nc7 22. h4 Nb5 23. h5 h6 24.
g4 f6 25. g5 fxg5 26. fxg5 Rf5 27. gxh6 Qf8 28. Rf1 Qf7 29. Ng5 Qxh5 30. Rxf5 Qg4+ 31. Kh2 Qxf5 32. h7+ Kh8 33. Be3 Rf8 34. Rg1 Nc3 35. Rg2 Nxe5 36. Rf2 Ng4+ 37. Kg3 Nxf2 38. Qxf2 Qxf2+ 39.
Bxf2 Ne4+ 40. Nxe4 dxe4 0-1

[Event "Early-Titled-Tuesday-Blitz-September-05-2023"]
[Site "Chess.com"]
[Date "2023.09.05"]
[Round "8"]
[White "KatakuriDono"]
[Black "MathiasWomacka"]
[Result "0-1"]
[WhiteElo "2329"]
[BlackElo "2495"]
[TimeControl "180+1"]
[EndTime "9:25:42 PDT"]
[Termination "MathiasWomacka won by resignation"]

1. d4 Nf6 2. c4 e6 3. Nf3 Bb4+ 4.
Bd2 Qe7 5. a3 Bxd2+ 6. Nbxd2 d6 7.
g3 e5 8. dxe5 dxe5 9. e4 O-O 10.
Bd3 Bh3 11. Qe2 Nc6 12. b4 Rfd8 13. Nb3 Bg2 14. Rg1 Bxf3 15. Qxf3 a5 16. b5 Nd4 17. Nxd4 Rxd4 18. g4 Rad8 19. Be2 Nxe4 20. Qe3 Nc5 21. g5 e4 22. h4 Nd3+ 23. Kf1 Rxc4 24. h5 Qc5 25. g6 Qxe3 26. gxh7+ Kxh7 27. fxe3 Rc2 28. Bg4 Rd5 29. Rg2 Rxg2 30. Kxg2 Rg5 0-1

[Event "Early-Titled-Tuesday-Blitz-September-05-2023"]
[Site "Chess.com"]
[Date "2023.09.05"]
[Round "8"]
[White "venturov"]
[Black "jsdbv18"]
[Result "0-1"]
[WhiteElo "2429"]
[BlackElo "2628"]
[TimeControl "180+1"]
[EndTime "9:25:43 PDT"]
[Termination "jsdbv18 won by resignation"]

1. e4 g6 2. d4 Bg7 3. Nf3 b6 4. c4 e6 5. Nc3 Ne7 6. Be2 d5 7. cxd5 exd5 8. e5 O-O 9. h4 Bg4 10. Ng5 Bxe2 11. Qxe2 c5 12. h5 Nf5 13. Nb5 Re8 14. Nxh7 Nxd4 15. Nxd4 Rxe5 16. Be3 cxd4 17. hxg6 fxg6 18. O-O-O dxe3 19. f4 Re4 20. Qg4 Qd7 21.
Qxg6 Qc6+ 22. Qxc6 Nxc6 23. Rxd5 e2 24. Kd2 e1=Q+ 25.
Rxe1 Rxe1 26. Kxe1 Kxh7 27. g4 Re8+ 28. Kf2 Nd4 29.
g5 Re2+ 30. Kg3 Rxb2 31. f5 Rb5 32. Rxb5 Nxb5 33. Kf4 Bb2 34. Ke4 Nc3+ 35. Ke5 Nxa2+ 36. Ke6 Nc3 37. f6 Ne4 38. f7 Nxg5+ 39. Ke7 Nxf7 40. Kxf7 a5 41. Ke6 a4 42. Kd5 a3 0-1

[Event "Early-Titled-Tuesday-Blitz-September-05-2023"]
[Site "Chess.com"]
[Date "2023.09.05"]
[Round "8"]
[White "Dewarfd"]
[Black "Mariia89"]
[Result "0-1"]
[WhiteElo "2119"]
[BlackElo "1979"]
[TimeControl "180+1"]
[EndTime "9:25:44 PDT"]
[Termination "Mariia89 won by checkmate"]

1. d4 Nf6 2. e3 c5 3. dxc5 e6 4.
a3 Bxc5 5. b4 Be7 6. c4 d5 7. cxd5 exd5 8. Bb2 O-O 9. Nf3 Be6 10.
Be2 Nc6 11. O-O a6 12. Ng5 Bf5 13. Nc3 h6 14. Nf3 Re8 15. Rc1 Bd6 16. b5 axb5 17. Nxb5 Bb8 18. Bxf6 Qxf6 19. Qxd5 Be4 20. Qc5 Qg6 21.
Rfd1 Ba7 22. Nxa7 Rxa7 23. Qb6 Rxa3 24. Rc5 Ra2 25. Qb5 Rea8 26. g3 Qg4 27. Nd4 Qh3 28. Bf1 Qd7 29. Rcc1 Qe7 30. Nxc6 Bxc6 31. Qc4 Qf6 32. Qd4 Qxf2# 0-1

[Event "Early-Titled-Tuesday-Blitz-September-05-2023"]
[Site "Chess.com"]
[Date "2023.09.05"]
[Round "8"]
[White "HansOnTwitch"]
[Black "tptagain"]
[Result "1-0"]
[WhiteElo "3067"]
[BlackElo "2923"]
[TimeControl "180+1"]
[EndTime "9:25:45 PDT"]
[Termination "HansOnTwitch won by resignation"]

1. e4 c6 2. Nf3 d5 3. d3 g6 4. Qe2 Bg7 5. g3 Nh6 6. Bg2 O-O 7. O-O f6 8. e5 Bg4 9. e6 Nf5 10. c3 Na6 11. h3 Bxf3 12. Bxf3 d4 13. c4 Nc5 14. b4 Na4 15. Qc2 Nc3 16. Re1 a5 17. bxa5 Qxa5 18. Bd2 Qa4 19. Qb2 Nxb1 20. Rexb1 Ra7 21.
h4 Nd6 22. Bb4 f5 23. Bc5 f4 24. g4 Qa5 25. Bxa7 Qxa7 26. Qb6 Qa3 27. Rb3 Qa4 28. c5 Nb5 29. Qxb7 Nc3 30. Qxe7 Bf6 31. Qd7 Rd8 32. Qf7+ 1-0

[Event "Early-Titled-Tuesday-Blitz-September-05-2023"]
[Site "Chess.com"]
[Date "2023.09.05"]
[Round "8"]
[White "nrvisakh"]
[Black "amintabatabaei"]
[Result "1-0"]
[WhiteElo "2882"]
[BlackElo "3012"]
[TimeControl "180+1"]
[EndTime "9:25:46 PDT"]
[Termination "nrvisakh won by resignation"]

1. Nf3 d5 2. b3 Nf6 3. Bb2 Bf5 4. g3 e6 5. Bg2 h6 6. O-O Be7 7. d3 O-O 8. Nbd2 a5 9. a3 c6 10. c4 Nbd7 11. Ra2 Bd6 12. Qa1 Bh7 13. Ne5 Nxe5 14.
Bxe5 Re8 15. Nf3 Bxe5 16. Nxe5 Nd7 17. Nxd7 Qxd7 18. Rc1 d4 19. b4 e5 20. b5 c5 21. Qb1 Rad8 22. b6 e4 23. Bxe4 Bxe4 24. dxe4 Re6 25. Rb2 Rde8 26. f3 f5 27. exf5 Rxe2 28.
Rxe2 Rxe2 29. Re1 Qe7 30. Rxe2 Qxe2 31. Qe4 Qxc4 32. Qe8+ Kh7 33. Qg6+ Kh8 34. f6 Qg8 35. f7 Qf8 36. Qe6 g5 37. Qe5+ Kh7 38. Qe4+ Kg7 39. Qxb7 d3 40. Qd7 Qxf7 41. Qxf7+ Kxf7 42. Kf2 1-0

[Event "Early-Titled-Tuesday-Blitz-September-05-2023"]
[Site "Chess.com"]
[Date "2023.09.05"]
[Round "8"]
[White "ErikRonka"]
[Black "Fengwi"]
[Result "1-0"]
[WhiteElo "2491"]
[BlackElo "2334"]
[TimeControl "180+1"]
[EndTime "9:25:46 PDT"]
[Termination "ErikRonka won on time"]

1. b4 d5 2. Bb2 Nf6 3. Nf3 Bg4 4. g3 e6 5. a3 a5 6. Ne5 Bf5 7. b5 Nbd7 8. Bg2 Nxe5 9. Bxe5 Be7 10. O-O O-O 11.
d3 Nd7 12. Bb2 Bf6 13. Qc1 Bxb2 14. Qxb2 Qf6 15. c3 Nc5 16. a4 Rad8 17. Nd2 h5 18. d4 Nd7 19. e4 dxe4 20. Nxe4 Qg6 21. Qe2 h4 22. Rfe1 b6 23. Nd2 Rfe8 24. Nf3 hxg3 25.
hxg3 Bg4 26. Qe3 Qh5 27. Nd2 e5 28. f3 Bh3 29. g4 Qh4 30. Qf2 Qxf2+ 31. Kxf2 Bxg2 32.
Kxg2 exd4 33. cxd4 Nf6 34. Nb3 Kf8 35. Kg3 Rxe1 36. Rxe1 Nd5 37. Rc1 Rd7 38. f4 Re7 39.
Nd2 Re3+ 40. Kf2 Rd3 41. Nf3 1-0

[Event "Early-Titled-Tuesday-Blitz-September-05-2023"]
[Site "Chess.com"]
[Date "2023.09.05"]
[Round "8"]
[White "CraiggoryC"]
[Black "Aleksandar-Topalov"]
[Result "0-1"]
[WhiteElo "2217"]
[BlackElo "2364"]
[TimeControl "180+1"]
[EndTime "9:25:47 PDT"]
[Termination "Aleksandar-Topalov won on time"]

1. e4 e6 2. d4 d5 3. e5 Ne7 4.
Nf3 Qd7 5. c4 b6 6. Nc3 Ba6 7.
cxd5 Nxd5 8. Bxa6 Nxc3 9. bxc3 Nxa6 10. O-O Be7 11. Ng5 h6 12. Ne4 c5 13. Qg4 g6 14. Be3 cxd4 15. cxd4 Nb4 16. Rac1 Nd5 17. Rc4 Rc8 18. Rfc1 Rxc4 19. Rxc4 Kf8 20. h4 Kg7 21. h5 b5 22. Nc5 Qe8 23. Rc2 Bxc5 24. Rxc5 a6 25.
hxg6 fxg6 26. Qe2 Qd7 27. a4 bxa4 28. Qxa6 Rf8 29. Qc4 Qf7 0-1

[Event "Early-Titled-Tuesday-Blitz-September-05-2023"]
[Site "Chess.com"]
[Date "2023.09.05"]
[Round "8"]
[White "FormerProdigy"]
[Black "GaiozNigalidze"]
[Result "1-0"]
[WhiteElo "2907"]
[BlackElo "2767"]
[TimeControl "180+1"]
[EndTime "9:25:49 PDT"]
[Termination "FormerProdigy won by resignation"]

1. d4 Nf6 2. c4 c5 3. d5 b5 4. cxb5 a6 5. bxa6 e6 6. Nc3 exd5 7. Nxd5 Be7 8. Nxe7 Qxe7 9. e3 O-O 10. Nf3 d5 11.
Be2 Bxa6 12. O-O Nc6 13. Bxa6 Rxa6 14. b3 Qe6 15. Bb2 Ne4 16. Nd2 Nd6 17. Qc2 Ra5 18. a3 Rc8 19. Rfc1 f6 20. h3 Ne7 21. Qd1 Rb5 22.
a4 Ra5 23. Ba3 Nef5 24. b4 cxb4 25. Bxb4 Raa8 26. Bxd6 Nxd6 27. Rxc8+ Qxc8 28. a5 Qc5 29. Nb3 Qc4 30. Rc1 Qb5 31. Rc5 Qa6 32. Qxd5+ Kh8 33. Rc6 1-0

[Event "Early-Titled-Tuesday-Blitz-September-05-2023"]
[Site "Chess.com"]
[Date "2023.09.05"]
[Round "8"]
[White "Orlov_Oleg"]
[Black "Fandorine"]
[Result "0-1"]
[WhiteElo "2595"]
[BlackElo "2903"]
[TimeControl "180+1"]
[EndTime "9:25:49 PDT"]
[Termination "Fandorine won on time"]

1. e4 c5 2. Nf3 e6 3. d4 cxd4 4. Nxd4 Nc6 5. Nc3 Qc7 6. Be3 a6 7. Be2 Nf6 8. O-O Be7 9. f4 d6 10. Kh1 O-O 11. Bf3 Re8 12. a3 Na5 13. Qe1 Bf8 14. Rd1 Nd7 15. Qg3 Nc4 16. Bc1 Rb8 17. f5 Nf6 18. fxe6 Bxe6 19. Nxe6 fxe6 20. Be2 Kh8 21. Bg5 Be7 22. Bxc4 Qxc4 23. e5 dxe5 24. Be3 Rbd8 0-1